 Dungeon Crawl Stone Soup version 0.32-a0-871-ge202e49faa (webtiles) character file.

Game seed: 16397852506041765676

161 jlumianski the Chopper (level 5, -3/40 HPs)
             Began as a Coglin Gladiator on Mar 29, 2024.
             Slain by a gnoll
             ... wielding a +0 flail
              (8 damage)
             ... on level 4 of the Dungeon.
             The game lasted 00:09:56 (3029 turns).

jlumianski the Chopper (Coglin Gladiator)           Turns: 3029, Time: 00:09:56

Health: -3/40      AC: 12    Str: 16    XL:     5   Next: 42%
Magic:  5/5        EV:  4    Int:  7    God:
Gold:   199        SH:  0    Dex: 16    Spells: 4/4 levels left

rFire   . . .        a - +0 war axe {Gloria}
rCold   . . .        q - +0 dagger (vamp) {Hidetaka}
rNeg    . . .        n - +0 plate armour
rPois   .            c - +0 helmet
rElec   .            (no cloak)
rCorr   .            k - +0 pair of gloves
SInv    .            (no boots)
Will    .....        (amulet unavailable) Stlth
                     (ring unavailable)
HPRegen 0.26/turn    (ring unavailable)
MPRegen 0.09/turn    (no gizmo)

%: no passive effects
@: no status effects
A: off-hand wielding, slow wielding, warmup strikes, no jewellery
a: Invent Gizmo


You were on level 4 of the Dungeon.
You visited 1 branch of the dungeon, and saw 5 of its levels.

You collected 199 gold pieces.

Inventory:

Hand Weapons
 a - a +0 war axe (weapon) {Gloria}
 f - a +0 dagger {Nari}
 q - a +0 vampiric dagger (offhand) {Hidetaka}
Missiles
 d - 3 throwing nets (quivered)
 e - a javelin
Armour
 b - a +0 leather armour
 c - a +0 helmet (worn)
 i - a +0 scale mail
 k - a +0 pair of gloves (worn)
 n - a +0 plate armour (worn)
Wands
 p - a wand of digging (2)
Scrolls
 g - a scroll of identify {unknown}
 h - 2 scrolls of enchant weapon {unknown}
 l - a scroll of enchant armour {unknown}
 r - a scroll of immolation {unknown}
Potions
 j - a potion of curing {unknown}
 m - a potion of might {unknown}
 o - a potion of ambrosia {unknown}


   Skills:
 + Level 2.8 Fighting
 + Level 1.4 Short Blades
 + Level 4.2 Axes
 + Level 1.9 Throwing
 + Level 1.3 Armour
 + Level 3.3 Dodging
 + Level 0.2 Stealth


You had 4 spell levels left.
You didn't know any spells.
Your spell library contained the following spells:

 Spells                   Type           Power      Damage    Failure   Level
 Sting                    Conj/Alch      0%         1d3       100%        1
 Mercury Vapours          Alch/Air       0%         N/A       100%        2
 Frozen Ramparts          Ice            0%         1d1       100%        3
 Ozocubu's Armour         Ice            0%         N/A       100%        3
 Olgreb's Toxic Radiance  Alch           0%         N/A       100%        4
 Metabolic Englaciation   Hex/Ice        0%         N/A       100%        5


Dungeon Overview and Level Annotations

Branches:
Dungeon (5/15)
 Temple: D:4-7

Altars:
Elyvilon


Innate Abilities, Weirdness & Mutations

You can wield a second weapon in your off-hand.
It takes a long time for you to wield or remove held weapons.
Your first few attacks do less damage.
You cannot equip rings or amulets.


Message History

The phantom is severely damaged.
You barely miss the gnoll with your +0 war axe.
You closely miss the phantom with your +0 vampiric dagger.
The gnoll hits you with a +1 flail of holy wrath!
The phantom hits you but does no damage.
You hit the phantom but do no damage.
The phantom is severely damaged.
You barely miss the phantom with your +0 war axe.
You hit the gnoll with your +0 war axe. The phantom hits you.
You hit the phantom but do no damage.
The phantom is severely damaged.
You hit the phantom but do no damage.
You closely miss the gnoll with your +0 war axe.
You hit the gnoll with your +0 war axe.
The gnoll hits you from afar with a +0 halberd.
The gnoll hits you with a +1 flail of holy wrath!
* * * LOW HITPOINT WARNING * * *
The gnoll hits you with a +0 flail.
* * * LOW HITPOINT WARNING * * *
The phantom hits you but does no damage.
The gnoll hits you but does no damage. The phantom attacks as it pursues you!
The phantom hits you.
* * * LOW HITPOINT WARNING * * *
The phantom attacks as it pursues you!
The phantom hits you but does no damage.
The gnoll attacks as it pursues you! The gnoll barely misses you.
The phantom attacks as it pursues you!
The phantom hits you but does no damage.
The gnoll attacks as it pursues you!
The gnoll hits you with a +1 flail of holy wrath.
* * * LOW HITPOINT WARNING * * *
The phantom hits you but does no damage.
The gnoll attacks as it pursues you! The gnoll closely misses you.
The phantom attacks as it pursues you!
The phantom hits you but does no damage.
The gnoll attacks as it pursues you! The gnoll closely misses you.
The gnoll attacks as it pursues you! The gnoll hits you with a +0 flail.
* * * LOW HITPOINT WARNING * * *
The gnoll attacks as it pursues you! The gnoll hits you with a +0 flail!
You die...

#...##...........#
#### ####..#.....#
##.####### #.g## .
#######g.#####...
##........W.......
##...........#####.
#...)......g.#
#..........@.#
#............#
##..........##
#..>.......#
#..........#
####........##
##...........#
#............#
####>...(..#..#


You could see a phantom and 3 gnolls.

Vanquished Creatures
  An orc wizard (D:3)
  4 gnolls
  2 adders
  3 dart slugs
  5 orcs (D:3)
  10 endoplasms
  4 giant cockroaches
  5 goblins
  6 hobgoblins
  2 quokkas (D:1)
  4 ball pythons
  3 bats
  3 frilled lizards
  11 kobolds
  4 rats
67 creatures vanquished.

Notes
Turn   | Place    | Note
-------+----------+-------------------------------------------
     0 | D:1      | jlumianski the Coglin Gladiator began the quest for the
                  | Orb.
     0 | D:1      | Reached XP level 1. HP: 16/16 MP: 1/1
   132 | D:1      | Reached XP level 2. HP: 22/22 MP: 2/2
   857 | D:1      | Reached XP level 3. HP: 25/27 MP: 3/3
  1321 | D:2      | Reached XP level 4. HP: 30/34 MP: 4/4
  1429 | D:2      | Reached skill level 1 in Armour
  1718 | D:2      | Found a faded altar of an unknown god.
  2066 | D:3      | Reached skill level 1 in Short Blades
  2066 | D:3      | Reached skill level 4 in Axes
  2068 | D:3      | Reached XP level 5. HP: 14/39 MP: 5/5
  2307 | D:3      | Found a white marble altar of Elyvilon.
  2930 | D:5      | Entered Level 5 of the Dungeon
  3001 | D:4      | Noticed a phantom
  3029 | D:4      | Slain by a gnoll

Illustrated notes

Levels and vault maps discovered:
D:1:      dpeg_arrival_triangle_fractal, layout_basic, minmay_cut_off
D:2:      layout_loops_ring, shapermc_ecumenical_altar_petra, minmay_circled_x
D:3:      layout_loops_cross, elyvilon_altar_1
D:4:      minmay_bubble_buster, layout_cave_pods, mainiacjoe_overflow_paths,
          temple_pool_b, serial_shops, nicolae_shop_gaudy_bauble,
          minmay_misc_feat_plants
D:5:      layout_basic, nicolae_vehumet_altar_sigil, roderic_serpentine_path,
          uniq_sigmund

Skill      XL: |  1  2  3  4 |
---------------+-------------+-----
Dodging        | 3 |  3.3
Armour         | 1 |  1.3
Short Blades   | 1 |  1.4
Axes           | 4 |  4.2
Fighting       | |  2.8
Throwing       | |  1.9
Stealth        | |  0.2

Action                     |  1- 3 |  4- 6 || total
---------------------------+-------+-------++-------
  Melee: War axe           |    61 |   184 ||   245
         Dagger            |    60 |   168 ||   228
 Armour: Leather armour    |    18 |       ||    18
         Scale mail        |    19 |    21 ||    40
         Plate armour      |       |    77 ||    77
  Dodge: Dodged            |    39 |    24 ||    63

Table legend: (Time is in decaauts)
 A = Elapsed time spent in this place.
 B = Non-inter-level travel time spent in this place.
 C = Inter-level travel time spent in this place.
 D = Time resting spent in this place.
 E = Time spent auto-exploring this place.
 F = Levels seen in this place.
 G = Mean time per level.
                   A        B        C        D        E       F      G
               +--------+--------+--------+--------+--------+-----+--------+
         Total |   3070 |   2980 |     90 |     20 |   1919 |   5 |  614.0 |
       Dungeon |   3070 |   2980 |     90 |     20 |   1919 |   5 |  614.0 |
               +--------+--------+--------+--------+--------+-----+--------+

Top non-repeatable levels by time:
     D:1: 1179 daAuts
     D:3: 1006 daAuts
     D:2: 779 daAuts
     D:4: 103 daAuts
     D:5: 1 daAuts
